 Dungeon Crawl Stone Soup version 0.31-a0-836-g3ceb0a68c4 (webtiles) character file.

Game seed: 16205356025186388698

1606270 KimchiStew the Crack Shot (level 26, 264/264 HPs)
             Began as a Naga Hunter on Sept 26, 2023.
             Was a High Priest of Okawaru.
             Escaped with the Orb
             ... and 3 runes!
             The game lasted 01:42:18 (71189 turns).

KimchiStew the Crack Shot (Naga Hunter)            Turns: 71189, Time: 01:42:18

Health: 264/264    AC: 35    Str: 20    XL:     26   Next: 48%
Magic:  48/48      EV: 21    Int: 11    God:    Okawaru [*****.]
Gold:   2839       SH: 26    Dex: 35    Spells: 25/25 levels left

rFire   + + .        F - +9 hand cannon (flame)
rCold   + + .        V - +2 shield of Resistance {rF++ rC++ Will++}
rNeg    + . .        Y - +3 leather armour of Ischutonk {rElec rF- MP+9}
rPois   +            J - +2 helmet
rElec   +            m - +2 cloak
rCorr   .            Q - +2 pair of gloves of the Wereyak {Will+}
SInv    +            G - +4 barding {rC+}
Will    +++++        M - amulet of Pihah {Reflect Will+ SH+5}
Stlth   ++           S - ring "Yfioss" {Drain rN+ Will+ MP+9 Dex+3}
HPRegen 0.64/turn    O - ring of Nobility {Fire Str+5 Dex+8 Stlth-}
MPRegen 0.31/turn

%: reflection
@: studying 2 skills, very slow
A: AC +8, large, see invisible, deformed body, poison resistance, slowness 2,
spit poison 1, naga tail 2, stinger 2
0: Orb of Zot
}: 3/15 runes: decaying, serpentine, silver
a: Spit Poison, Renounce Religion, Heroism, Finesse, Duel


You escaped.
You worshipped Okawaru.
Okawaru was extremely pleased with you.
You visited 9 branches of the dungeon, and saw 47 of its levels.
You also visited: Bailey.

You collected 10024 gold pieces.
You spent 7185 gold pieces at shops.

Inventory:

Hand Weapons
 F - a +9 hand cannon of flaming (weapon)
Missiles
 v - 26 curare-tipped darts (quivered)
 x - 15 datura-tipped darts
 N - 2 throwing nets
Armour
 m - a +2 cloak (worn)
 z - the +6 leather armour of the Poles {Will++ Str+2}
   (You took it off an ironbound convoker on level 2 of the Vaults)

   Str+2:     It affects your strength (+2).
   Will++:    It greatly increases your willpower.
 G - a +4 barding of cold resistance (worn)
 J - a +2 helmet (worn)
 Q - the +2 pair of gloves of the Wereyak (worn) {Will+}
   (You found it on level 2 of the Vaults)

   Will+:     It increases your willpower.
 V - the +2 shield of Resistance (worn) {rF++ rC++ Will++}
   (You found it on level 4 of the Lair of Beasts)

   rF++:      It greatly protects you from fire.
   rC++:      It greatly protects you from cold.
   Will++:    It greatly increases your willpower.
 Y - the +3 leather armour of Ischutonk (worn) {rElec rF- MP+9}
   (You took it off a tengu reaver on level 2 of the Depths)

   rF-:       It makes you vulnerable to fire.
   rElec:     It insulates you from electricity.
   MP+9:      It affects your magic capacity (+9).
Jewellery
 h - a +5 ring of evasion
 l - the ring "Zanten" {rF++ rC+ Dex-2 Stlth+}
   (You found it on level 1 of the Lair of Beasts)

   [ring of protection from cold]

   Dex-2:     It affects your dexterity (-2).
   rF++:      It greatly protects you from fire.
   rC+:       It protects you from cold.
   Stlth+:    It makes you more stealthy.
 o - a ring of positive energy
 r - an amulet of regeneration
 w - a ring of willpower
 M - the amulet of Pihah (around neck) {Reflect Will+ SH+5}
   (You took it off a vault sentinel on level 2 of the Vaults)

   [amulet of reflection]

   Reflect:   It reflects blocked missile attacks.
   Will+:     It increases your willpower.
   SH+5:      It affects your SH (+5).
 O - the ring of Nobility (right hand) {Fire Str+5 Dex+8 Stlth-}
   (You found it on level 3 of the Elven Halls)

   [ring of fire]

   Fire:      It enhances your fire magic.
   Str+5:     It affects your strength (+5).
   Dex+8:     It affects your dexterity (+8).
   rF+:       It protects you from fire.
   rC-:       It makes you vulnerable to cold.
   Stlth-:    It makes you less stealthy.
 S - the ring "Yfioss" (left hand) {Drain rN+ Will+ MP+9 Dex+3}
   (You acquired it on level 8 of the Dungeon)

   [ring of magical power]

   Dex+3:     It affects your dexterity (+3).
   rN+:       It protects you from negative energy.
   Will+:     It increases your willpower.
   MP+9:      It affects your magic capacity (+9).
   Drain:     It drains your maximum health when unequipped.
Wands
 d - a wand of digging (26)
 n - a wand of acid (14)
 y - a wand of iceblast (37)
 B - a wand of flame (134)
 L - a wand of polymorph (34)
Scrolls
 k - 10 scrolls of teleportation
 p - 7 scrolls of vulnerability
 s - 4 scrolls of blinking
 D - a scroll of poison
 I - 2 scrolls of torment
 T - 8 scrolls of immolation
 U - 2 scrolls of fog
 W - 2 scrolls of fear
 X - 4 scrolls of enchant armour
Potions
 b - 4 potions of attraction
 c - 4 potions of invisibility
 e - 7 potions of enlightenment
 i - 3 potions of resistance
 j - 3 potions of lignification
 t - 6 potions of cancellation
 u - 2 potions of might
 A - 3 potions of haste
 C - 5 potions of brilliance
 E - 5 potions of berserk rage
 H - 4 potions of curing
 P - a potion of mutation
 R - 4 potions of magic
 Z - 5 potions of heal wounds
Miscellaneous
 a - a tin of tremorstones (2/2)
 g - a lightning rod (4/4)
 q - a phial of floods


   Skills:
 + Level 20.6 Fighting
 + Level 24.6 Ranged Weapons
 - Level 11.2 Throwing
 + Level 11.8 Armour
 + Level 11.8 Dodging
 + Level 14.0 Stealth
 - Level 18.0 Shields
 - Level 10.0 Invocations
 - Level 10.0 Evocations


You had 25 spell levels left.
You didn't know any spells.
Your spell library contained the following spells:

 Spells                   Type           Power      Damage    Failure   Level
 Apportation              Tloc           0%         N/A       50%         1
 Foxfire                  Conj/Fire      0%         2x1d4     50%         1
 Freeze                   Ice            0%         1d3       50%         1
 Kiss of Death            Conj/Necr      0%         2d5       50%         1
 Magic Dart               Conj           0%         1d3       50%         1
 Necrotise                Necr           0%         1d4       50%         1
 Shock                    Conj/Air       0%         1d3       50%         1
 Slow                     Hex            0%         N/A       50%         1
 Blink                    Tloc           0%         N/A       63%         2
 Ensorcelled Hibernation  Hex/Ice        0%         N/A       63%         2
 Lesser Beckoning         Tloc           0%         N/A       63%         2
 Momentum Strike          Conj/Tloc      0%         3d8       63%         2
 Passwall                 Tmut/Erth      0%         N/A       63%         2
 Poisonous Vapours        Pois/Air       0%         N/A       63%         2
 Scorch                   Fire           0%         2d5       63%         2
 Searing Ray              Conj           0%         2d4       63%         2
 Sublimation of Blood     Necr           0%         N/A       63%         2
 Wereblood                Tmut           0%         N/A       63%         2
 Confusing Touch          Hex            0%         N/A       86%         3
 Dazzling Flash           Conj/Hex       0%         N/A       86%         3
 Frozen Ramparts          Ice            0%         1d1       86%         3
 Gell's Gravitas          Tloc           0%         N/A       86%         3
 Hailstorm                Conj/Ice       0%         3d3       86%         3
 Ignite Poison            Fire/Tmut/Pois 0%         N/A       86%         3
 Inner Flame              Hex/Fire       0%         N/A       86%         3
 Mephitic Cloud           Conj/Pois/Air  0%         N/A       86%         3
 Ozocubu's Armour         Ice            0%         N/A       86%         3
 Sigil of Binding         Hex            0%         N/A       86%         3
 Swiftness                Air            0%         N/A       86%         3
 Teleport Other           Tloc           0%         N/A       86%         3
 Vampiric Draining        Necr           0%         2d6       86%         3
 Volatile Blastmotes      Fire/Tloc      0%         2d10      86%         3
 Airstrike                Air            0%         2d(0-16)  99%         4
 Anguish                  Hex/Necr       0%         N/A       99%         4
 Cause Fear               Hex            0%         N/A       99%         4
 Dimensional Bullseye     Hex/Tloc       0%         N/A       99%         4
 Flame Wave               Conj/Fire      0%         2d4       99%         4
 Fulminant Prism          Conj/Hex       0%         3d5       99%         4
 Iskenderun's Mystic Bla  Conj/Tloc      0%         2d3       99%         4
 Leda's Liquefaction      Hex/Erth       0%         N/A       99%         4
 Passage of Golubria      Tloc           0%         N/A       99%         4
 Petrify                  Tmut/Erth      0%         N/A       99%         4
 Agony                    Necr           0%         N/A       100%        5
 Alistair's Intoxication  Tmut/Pois      0%         N/A       100%        5
 Borgnjor's Vile Clutch   Necr/Erth      0%         N/A       100%        5
 Freezing Cloud           Conj/Ice/Air   0%         6-21      100%        5
 Irradiate                Conj/Tmut      0%         3d11      100%        5
 Lee's Rapid Deconstruct  Erth           0%         3d4*      100%        5
 Metabolic Englaciation   Hex/Ice        0%         N/A       100%        5
 Silence                  Hex/Air        0%         N/A       100%        5
 Conjure Ball Lightning   Conj/Air       0%         3x3d6     100%        6
 Dispersal                Tloc           0%         N/A       100%        6
 Eringya's Noxious Bog    Tmut/Pois      0%         4d6       100%        6
 Plasma Beam              Fire/Air       0%         2x1d10    100%        6
 Starburst                Conj/Fire      0%         6d3       100%        6
 Enfeeble                 Hex            0%         N/A       100%        7
 Orb of Destruction       Conj           0%         9d5       100%        7
 Ozocubu's Refrigeration  Ice            0%         4d7       100%        7
 Maxwell's Capacitive Co  Air            0%         ∞         100%        8
 Chain Lightning          Conj/Air       0%         N/A       100%        9
 Fire Storm               Conj/Fire      0%         5d1       100%        9
 Shatter                  Erth           0%         3d5*      100%        9
 Summon Small Mammal      Summ           Unusable   N/A       N/A         1
 Call Canine Familiar     Summ           Unusable   N/A       N/A         3
 Summon Guardian Golem    Hex/Summ       Unusable   N/A       N/A         3
 Summon Ice Beast         Ice/Summ       Unusable   N/A       N/A         4
 Summon Forest            Summ/Tloc      Unusable   N/A       N/A         5
 Summon Mana Viper        Hex/Summ       Unusable   N/A       N/A         5
 Simulacrum               Ice/Necr       Unusable   N/A       N/A         6
 Malign Gateway           Summ/Tloc      Unusable   N/A       N/A         7
 Spellforged Servitor     Conj/Summ      Unusable   N/A       N/A         7
 Summon Hydra             Summ           Unusable   N/A       N/A         7

Dungeon Overview and Level Annotations

Branches:
Dungeon (15/15)            Temple (0/1) D:7            Lair (5/5) D:9
  Swamp (4/4) Lair:2        Snake (4/4) Lair:3        Slime (0/5) Lair:4
    Orc (2/2) D:11            Elf (3/3) Orc:2        Vaults (5/5) D:14
  Crypt (0/3) Vaults:3     Depths (4/4) D:15            Zot (5/5) Depths:4
 Bailey (visited)

Altars:
Ashenzari
Cheibriados
Elyvilon
Fedhas
Gozag
Hepliaklqana
Okawaru
Ru
Trog
Uskayaw
Vehumet
Wu Jian
Xom
Zin
Jiyva
Lugonu

Shops:
D:8 ?   D:9 *   Orc:2 ?*:==   Elf:2 [   Snake:1 [=   Snake:3 [   Vaults:1 :
Vaults:3 ?[   Vaults:4 :   Vaults:5 [   Depths:3 !?

Portals:
Hell: Depths:1 Depths:2 Depths:3 Depths:4
Abyss: Lair:5 Depths:3 Depths:4
Pandemonium: Depths:1 Depths:2
Ziggurat: Depths:4

Annotations:
D:4 Edmund
D:5 2 transporters, shbulbulush's ghost, novice TrGl
D:9 3 runed translucent doors
Elf:2 3 runed translucent doors
Vaults:3 3 runed translucent doors, Inony's ghost, master FoHu
Depths:4 3 runed translucent doors, Vyrynni Mabi's ghost, veteran DrSh
Zot:5 exclusion: 2 upstairs


Innate Abilities, Weirdness & Mutations

Your serpentine skin is tough. (AC +8)
You have supernaturally acute eyesight. (SInv)
Armour fits poorly on your strangely shaped body.
Your system is resistant to poisons. (rPois)
You cover ground very slowly.
You can spit poison.
You can use your snake-like lower body to constrict enemies.
Your tail ends in a sharp venomous barb.


Message History

Okawaru accepts your kill.
No target in view!
No target in view!
(D) Dungeon (T) Temple (L) Lair (S) Swamp (P) Snake Pit (M) Slime Pits (O) Orcish Mines (E) Elven Halls (V) Vaults (C) Crypt (U) Depths (H) Hell (Z) Zot
Where to? (Tab/Enter - D:1 @ (x,y), ? - help)
What level of the Dungeon? (default 1, ? - help)
There is a stone staircase leading up, spattered with blood here.
You climb upwards.
Level annotation: 2 transporters, shbulbulush's ghost, novice TrGl
There is a stone staircase leading down here.
There is a stone staircase leading up here.
You climb upwards.
Level annotation: Edmund
There is a stone staircase leading down here.
There is a stone staircase leading up here.
You climb upwards.
There is a stone staircase leading down here.
There is an escape hatch in the floor here.
A rust devil comes into view.
Unknown command.
There is a stone staircase leading up here.
You climb upwards.
There is a stone staircase leading down here.
Unknown command.
(D) Dungeon (T) Temple (L) Lair (S) Swamp (P) Snake Pit (M) Slime Pits (O) Orcish Mines (E) Elven Halls (V) Vaults (C) Crypt (U) Depths (H) Hell (Z) Zot
Where to? (Tab/Enter - D:1 @ (x,y), ? - help)
What level of the Dungeon? (default 1, ? - help)
There is a stone staircase leading up here.
You climb upwards.
There is a stone staircase leading down here.
Unknown command.
Unknown command.
There is a staircase leading out of the dungeon here.
You have escaped!

.......~≈≈~.....>♣#.#
.......~≈~......♣♣#.#
.......~≈~.......♣#.#
......≈≈≈~.......♣#.#
......~≈≈≈.♣.♣♣..♣#.###
......≈≈≈~.♣....♣♣#...#
......~~≈.......♣♣#...#
......~~~....♣...♣#...#
....♣~≈≈~...♣..♣@♣#...###
##♣♣♣≈≈≈♣♣♣♣♣♣♣♣♣♣#.....#
# ♣≈≈≈≈♣ #.....# #
♣≈≈≈≈♣♣ #.....# ##≈≈≈♣♣♣
#.....# #####
#########.....# .####
#.............#
....##########..........#
#...)...........(.......#


There were no monsters in sight!

Vanquished Creatures
  8 orbs of fire
  An ancient lich (Zot:5)
  3 dread liches (Vaults:5)
  Mara (Arena)
  Sojobo (Depths:1)
  6 Killer Klowns
  A caustic shrike (Depths:3)
  4 golden dragons
  A caustic shrike (shapeshifter) (Vaults:5)
  Nikola (Swamp:2)
  A bone dragon (Depths:4)
  A Brimstone Fiend (Depths:1)
  8 tentacled monstrosities
  2 electric golems (Zot:5)
  3 liches
  A walking crystal tome (Depths:2)
  24 Orb Guardians (Zot:5)
  3 quicksilver dragons
  3 deep elf blademasters (Elf:3)
  7 titans
  A walking frostbound tome (Depths:3)
  A deep elf master archer (Elf:3)
  6 sphinxes
  5 death cobs
  Gastronok (Lair:3)
  An ancient champion (Vaults:3)
  An Executioner (Depths:1)
  15 storm dragons
  12 tengu reavers
  Kirke (Swamp:2)
  4 shadow dragons
  An azure jelly (Swamp:4)
  Aizul (Snake:1)
  A nagaraja (Snake:4)
  4 draconian monks
  A revenant (Vaults:2)
  5 deep elf sorcerers (Elf:3)
  6 fire giants
  15 vault wardens
  9 frost giants
  7 deep elf elementalists (Elf:3)
  4 draconian knights
  2 iron dragons (Vaults:5)
  The ghost of Agruq Axkidd the Earth Mage, a journeyman GrEE of Gozag (D:14)
  2 ghost moths
  A draconian stormcaller (Zot:5)
  2 ghouls
  2 orc warlords (Vaults:3)
  6 spriggan defenders
  2 draconian annihilators
  3 draconian shifters
  26 stone giants
  10 ironbound thunderhulks
  20 very ugly things
  The ghost of Xuruvid the Thrower, a journeyman GnWn of Cheibriados (D:14)
  22 ironbound preservers
  A formless jellyfish (Vaults:3)
  2 reapers (Depths:1)
  A war gargoyle (Vaults:5)
  5 eleionomae
  3 vampire knights
  Nessos (Orc:2)
  2 deep elf demonologists (Elf:3)
  4 yellow draconians
  5 purple draconians
  4 white draconians
  8 bunyips
  4 black draconians
  3 green draconians
  12 dire elephants
  7 spark wasps
  A lorocyproca (D:14)
  The ghost of WhatIsLove the Eclecticist, a journeyman DjFE of Makhleb (Orc:2)
  12 deep elf annihilators
  Snorg (D:13)
  2 red draconians
  6 deep elf death magi (Elf:3)
  13 fire dragons
  A shambling mangrove (Swamp:2)
  20 ettins
  16 yaktaur captains
  2 entropy weavers
  9 deep elf high priests
  33 vault guards
  3 great orbs of eyes
  2 peacekeepers (Vaults:2)
  2 rakshasas
  A jorogumo (shapeshifter) (Elf:1)
  10 hydras
  13 ice dragons
  4 salamander tyrants
  11 anacondas
  9 alligators
  2 ogre magi
  5 spriggan air magi
  A catoblepas (Lair:5)
  A ghost crab (Swamp:1)
  7 two-headed ogres
  9 ironbound frosthearts
  7 boulder beetles
  2 death knights (D:15)
  11 centaur warriors
  Erica (Lair:2)
  A two-headed ogre (shapeshifter) (Depths:3)
  13 dancing weapons
  4 deep troll shamans
  9 naga warriors
  9 deep troll earth magi
  6 tengu warriors
  A soul eater (Depths:2)
  3 vampire magi
  3 death yaks
  2 thrashing horrors (Lair:5)
  9 orc high priests
  A hell knight (Depths:2)
  13 naga sharpshooters
  10 deep elf knights
  7 spriggan berserkers
  A titan skeleton (Depths:1)
  Amaemon (D:8)
  Nergalle (D:10)
  7 shock serpents
  2 skysharks (Lair:5)
  8 iron trolls
  2 salamander mystics (Snake:4)
  10 skeletal warriors
  A skyshark (shapeshifter) (Vaults:5)
  3 sixfirhies
  5 goliath frogs
  3 flayed ghosts
  2 shadow demons
  A glowing orange brain (Depths:1)
  Lodul (D:10)
  59 deep trolls
  3 swamp dragons
  5 naga ritualists
  An orb spider (shapeshifter) (Depths:1)
  2 deep trolls (shapeshifter)
  19 deep elf archers
  An orange crystal statue (Zot:5)
  6 wizards
  5 bog bodies
  12 ironbound convokers
  6 phantasmal warriors
  9 harpies
  24 deep elf pyromancers
  5 necromancers
  3 lindwurms (Vaults:1)
  A mana viper (shapeshifter) (Lair:5)
  8 mana vipers
  7 orc knights
  27 deep elf zephyrmancers
  3 orc sorcerers
  An oklob plant (Lair:4)
  A wolf spider (D:15)
  6 cyclopes
  A manticore (shapeshifter) (Depths:2)
  38 ugly things
  2 manticores
  11 salamanders
  A tengu skeleton (Depths:1)
  4 will-o-the-wisps
  23 moths of wrath
  A toenail golem (D:6)
  A stone giant skeleton (Depths:1)
  46 black mambas
  An elephant (Lair:2)
  22 vault sentinels
  11 naga magi
  5 gargoyles
  8 guardian serpents
  18 cane toads
  2 orange demons
  3 smoke demons (Lair:5)
  A torpor snail (Lair:3)
  An unseen horror (shapeshifter) (Depths:2)
  4 unseen horrors
  2 rime drakes
  33 yaktaurs
  11 komodo dragons
  A torpor snail (shapeshifter) (Depths:4)
  7 freezing wraiths
  2 ice devils
  A komodo dragon (shapeshifter) (Elf:2)
  2 kobold demonologists
  A hellion (Depths:1)
  2 tengu conjurers
  A tormentor (Depths:1)
  8 trolls
  A hornet (shapeshifter) (Lair:5)
  A tengu simulacrum (Depths:1)
  A tarantella (Vaults:3)
  2 polar bears
  A tarantella (shapeshifter) (Lair:5)
  9 tyrant leeches
  2 hellwings
  26 blink frogs
  2 raiju (Lair:5)
  25 hornets
  A frost giant simulacrum (Depths:1)
  32 slime creatures
  A dream sheep (shapeshifter) (Vaults:5)
  An ettin skeleton (Depths:1)
  2 ynoxinuls
  21 spriggans
  5 air elementals
  89 yaks
  2 vampires
  8 water elementals
  4 fire elementals
  2 hogs (Swamp:2)
  A human (Swamp:2)
  11 wyverns
  5 wraiths
  Grum (D:10)
  7 basilisks
  2 steam dragons
  A neqoxec (Zot:5)
  2 redbacks
  4 swamp worm simulacra (Swamp:4)
  10 vampire mosquitoes
  6 chaos spawn
  35 nagas
  10 wargs
  7 large abominations
  12 swamp worms
  2 acid dragons
  20 water moccasins
  A human zombie (Depths:1)
  15 hydra simulacra (Swamp:4)
  2 floating eyes (shapeshifter)
  A meliai simulacrum (D:14)
  An ice beast (D:7)
  19 orc warriors
  2 swamp drakes
  2 black bears
  17 ogres
  A sky beast (D:7)
  6 boggarts
  17 wolves
  8 centaurs
  3 phantoms (D:11)
  9 kobold brigands
  3 earth elementals
  19 bullfrogs
  A bullfrog (shapeshifter) (Elf:3)
  2 gnoll sergeants
  2 necrophages
  5 scorpions
  9 wights
  A killer bee (D:10)
  6 howler monkeys
  3 electric eels
  17 small abominations
  2 lava snakes (Lair:3)
  36 orc priests
  4 gnoll boudas
  4 hounds
  Ijyb (D:3)
  An iguana (D:5)
  11 orc wizards
  8 ogre zombies (D:11)
  30 gnolls
  10 adders
  4 swamp drake simulacra (Swamp:4)
  A worm (D:2)
  A dart slug (D:3)
  89 orcs
  7 endoplasms
  5 giant cockroaches
  11 goblins
  14 hobgoblins
  19 jackals
  2 quokkas
  6 ball pythons
  5 bats
  3 frilled lizards
  5 goblin zombies (D:11)
  2 hobgoblin skeletons (D:11)
  A hobgoblin zombie (D:11)
  27 kobolds
  3 orc skeletons (D:11)
  14 orc zombies (D:11)
  6 rats
  A butterfly (Swamp:1)
2069 creatures vanquished.

Vanquished Creatures (collateral kills)
  A vault guard (Vaults:5)
  An orc knight (Bailey)
  An orc warrior (Bailey)
  A kobold brigand (Bailey)
4 creatures vanquished.

Vanquished Creatures (others)
  A golden dragon (Vaults:5)
  An Executioner (Depths:1)
  A fire giant (Depths:1)
  An ettin (Vaults:5)
  A fire dragon (Depths:2)
  A deep elf knight (Elf:3)
  A deep troll (Vaults:2)
  A deep elf zephyrmancer (Elf:2)
  A wizard (D:7)
  A water elemental (Elf:1)
  A kobold brigand (Bailey)
  10 foxfires
21 creatures vanquished.

Grand Total: 2094 creatures vanquished

Notes
Turn   | Place    | Note
-------+----------+-------------------------------------------
     0 | D:1      | KimchiStew the Naga Hunter began the quest for the Orb.
     0 | D:1      | Reached XP level 1. HP: 19/19 MP: 1/1
    37 | D:1      | Reached XP level 2. HP: 15/26 MP: 2/2
   234 | D:1      | Reached XP level 3. HP: 32/33 MP: 3/3
   562 | D:2      | Found a faded altar of an unknown god.
   666 | D:2      | Reached skill level 4 in Ranged Weapons
   726 | D:2      | Reached XP level 4. HP: 18/40 MP: 4/4
  1463 | D:3      | Reached XP level 5. HP: 24/49 MP: 5/5
  1578 | D:3      | Found a glowing silver altar of Zin.
  1588 | D:3      | Noticed Ijyb
  1606 | D:3      | Killed Ijyb
  2144 | D:3      | Reached XP level 6. HP: 19/57 MP: 6/6
  2474 | D:3      | Reached skill level 5 in Stealth
  2569 | D:3      | Reached skill level 5 in Ranged Weapons
  3104 | D:3      | Reached XP level 7. HP: 42/64 MP: 7/7
  3882 | D:4      | Found a shimmering altar of Xom.
  3927 | D:4      | Reached skill level 6 in Ranged Weapons
  3943 | D:4      | Noticed Edmund
  4082 | D:5      | Entered Level 5 of the Dungeon
  4696 | D:5      | Found an ornate altar of the Wu Jian Council.
  4836 | D:5      | Found a transporter.
  4837 | D:5      | Noticed shbulbulush's ghost (novice TrGl)
  4960 | D:4      | Found an iron altar of Okawaru.
  4977 | D:4      | Became a worshipper of Warmaster Okawaru
  5403 | D:5      | Found a transporter.
  5762 | D:5      | Reached XP level 8. HP: 64/73 MP: 8/8
  6391 | D:6      | Reached skill level 5 in Fighting
  6477 | D:6      | Reached skill level 7 in Ranged Weapons
  6528 | D:6      | Identified the +6 falchion "Fugiydunn" {antimagic, Int+3}
  6565 | D:6      | Got a well-preserved book
  6661 | D:6      | Reached * piety under Okawaru
  7324 | D:6      | Found a hide-covered altar of Uskayaw.
  7737 | D:7      | Found a flagged portal.
  7748 | Bailey   | Entered a bailey
  7784 | Bailey   | Reached skill level 8 in Ranged Weapons
  7784 | Bailey   | Reached XP level 9. HP: 28/82 MP: 9/9
  8247 | Bailey   | Noticed an orc knight
  8258 | Bailey   | Killed an orc knight
  8259 | Bailey   | Reached skill level 10 in Stealth
  8496 | Bailey   | Noticed an orc knight
  8499 | Bailey   | Killed an orc knight
  8499 | Bailey   | Reached ** piety under Okawaru
  8596 | Bailey   | Found a bloodstained altar of Trog.
  8866 | D:7      | Reached skill level 9 in Ranged Weapons
  8968 | D:7      | Reached XP level 10. HP: 45/91 MP: 10/10
  9219 | D:7      | Found a radiant altar of Vehumet.
  9278 | D:7      | Found a staircase to the Ecumenical Temple.
  9449 | D:7      | Reached *** piety under Okawaru
  9493 | D:7      | Reached skill level 10 in Ranged Weapons
 10031 | D:7      | Found a bloodstained altar of Trog.
 10036 | D:7      | Noticed a wizard
 10040 | D:7      | Killed a wizard
 10194 | D:8      | Found Koppies's Magic Scroll Emporium.
 10197 | D:8      | Bought a scroll of fear for 56 gold pieces
 10513 | D:8      | Found a blossoming altar of Fedhas.
 10610 | D:8      | Noticed an orange demon
 10833 | D:8      | Killed an orange demon
 10834 | D:8      | Reached skill level 11 in Ranged Weapons
 10850 | D:8      | Noticed Amaemon
 10871 | D:8      | Killed Amaemon
 10871 | D:8      | Reached **** piety under Okawaru
 11000 | D:8      | Found a sacrificial altar of Ru.
 11449 | D:8      | Found a broken altar of Ashenzari.
 11636 | D:8      | Reached skill level 12 in Ranged Weapons
 11952 | D:9      | Reached XP level 11. HP: 97/97 MP: 11/11
 11965 | D:9      | Reached ***** piety under Okawaru
 12339 | D:9      | Reached skill level 13 in Ranged Weapons
 12360 | D:9      | Found a white marble altar of Elyvilon.
 12608 | D:9      | Found a runed translucent gate.
 12609 | D:9      | Found a runed translucent gate.
 12610 | D:9      | Found a runed translucent gate.
 12610 | D:9      | Noticed a white ugly thing
 12612 | D:9      | Noticed a white ugly thing
 12613 | D:9      | Noticed a red ugly thing
 12616 | D:9      | Noticed a white ugly thing
 12616 | D:9      | Noticed a death drake
 12655 | D:9      | Noticed a glowing orange brain
 12657 | D:9      | Noticed a brown ugly thing
 12679 | D:9      | Found a hazy altar of Hepliaklqana.
 12691 | D:9      | Noticed a sixfirhy
 13060 | D:9      | Found an opulent altar of Gozag.
 13159 | D:9      | Found a staircase to the Lair.
 13330 | D:9      | Found Usiu's Neck Hole.
 13338 | D:9      | Bought a scarf of resistance for 448 gold pieces
 13343 | D:9      | Bought an amulet of regeneration for 420 gold pieces
 13585 | D:10     | Entered Level 10 of the Dungeon
 13618 | D:10     | Reached skill level 14 in Ranged Weapons
 13642 | D:10     | Noticed Nergalle
 13647 | D:10     | Killed Nergalle
 13792 | D:10     | Noticed an orc knight
 13811 | D:10     | Killed an orc knight
 13811 | D:10     | Received a gift from Okawaru
 14204 | D:10     | Noticed a two-headed ogre
 14207 | D:10     | Killed a two-headed ogre
 14207 | D:10     | Reached ****** piety under Okawaru
 14215 | D:10     | Noticed a two-headed ogre
 14220 | D:10     | Killed a two-headed ogre
 14221 | D:10     | Reached skill level 15 in Ranged Weapons
 14221 | D:10     | Reached XP level 12. HP: 35/105 MP: 5/12
 14455 | D:10     | Noticed Lodul
 14471 | D:10     | Killed Lodul
 14471 | D:10     | Received a gift from Okawaru
 14592 | D:10     | Noticed Grum
 14935 | Lair:1   | Entered Level 1 of the Lair of Beasts
 15179 | Lair:1   | Identified the ring "Zanten" {rF++ rC+ Dex-2 Stlth+}
 15200 | Lair:1   | Reached skill level 16 in Ranged Weapons
 15493 | Lair:1   | Received a gift from Okawaru
 16097 | Lair:1   | Reached skill level 17 in Ranged Weapons
 16107 | Lair:1   | Received a gift from Okawaru
 16148 | Lair:1   | Gained mutation: You can use your snake-like lower body to
                  | constrict enemies. [Naga growth]
 16148 | Lair:1   | Reached XP level 13. HP: 111/111 MP: 13/13
 17033 | Lair:2   | Reached skill level 18 in Ranged Weapons
 17160 | Lair:2   | Acquired a +5 antimagic longbow
 17160 | Lair:2   | Received a gift from Okawaru
 17163 | Lair:2   | Acquired a +2 barding of cold resistance
 17163 | Lair:2   | Received a gift from Okawaru
 17462 | Lair:2   | Noticed Erica
 17466 | Lair:2   | Killed Erica
 17466 | Lair:2   | Received a gift from Okawaru
 17478 | Lair:2   | Found a staircase to the Swamp.
 18050 | Lair:2   | Received a gift from Okawaru
 18224 | Lair:2   | Reached skill level 19 in Ranged Weapons
 18666 | Lair:3   | Received a gift from Okawaru
 18710 | Lair:3   | Noticed Gastronok
 18722 | Lair:3   | Killed Gastronok
 18723 | Lair:3   | Reached XP level 14. HP: 120/120 MP: 4/14
 18854 | Lair:3   | Found a staircase to the Snake Pit.
 19543 | Lair:4   | Found the +2 shield of Resistance {rF++ rC++ Will++}
 19687 | Lair:4   | Found a viscous altar of Jiyva.
 19690 | Lair:4   | Found a staircase to the Slime Pits.
 19762 | Lair:4   | Reached skill level 20 in Ranged Weapons
 19813 | Lair:4   | Reached skill level 1 in Armour
 19949 | Lair:4   | Received a gift from Okawaru
 20743 | Lair:5   | Entered Level 5 of the Lair of Beasts
 21447 | Lair:5   | Received a gift from Okawaru
 21692 | Lair:5   | Reached skill level 5 in Armour
 22063 | Lair:5   | Reached skill level 5 in Dodging
 22284 | Lair:5   | Received a gift from Okawaru
 22348 | Lair:5   | Found a corrupted altar of Lugonu.
 22348 | Lair:5   | Found a one-way gate to the infinite horrors of the Abyss.
 22469 | Lair:5   | Reached XP level 15. HP: 114/126 MP: 5/15
 23268 | D:10     | You fall into a shaft and drop 3 floors!
 23555 | D:11     | Found a staircase to the Orcish Mines.
 23884 | D:11     | Received a gift from Okawaru
 24182 | D:10     | Found a snail-covered altar of Cheibriados.
 24513 | D:10     | Killed Grum
 24679 | Orc:1    | Entered Level 1 of the Orcish Mines
 25095 | Orc:2    | Entered Level 2 of the Orcish Mines
 25720 | Orc:2    | Found a staircase to the Elven Halls.
 25723 | Orc:2    | Found Gidaedd's Book Boutique.
 25799 | Orc:2    | Received a gift from Okawaru
 25856 | Orc:2    | Found Owihuc's Jewellery Emporium.
 25856 | Orc:2    | Found Tohic's Jewellery Shop.
 26008 | Orc:2    | Noticed Nessos
 26013 | Orc:2    | Killed Nessos
 26125 | Orc:2    | Found a runed translucent door.
 26127 | Orc:2    | Noticed WhatIsLove's ghost (journeyman DjFE)
 26283 | Orc:2    | Found Caaliaf's Magic Scroll Emporium.
 26283 | Orc:2    | Found Ugi Mug's General Store.
 26288 | Orc:2    | Bought a scroll of revelation for 82 gold pieces
 26288 | Orc:2    | Bought a scroll of teleportation for 33 gold pieces
 26288 | Orc:2    | Bought a scroll of enchant weapon for 82 gold pieces
 26299 | Orc:2    | Bought a potion of enlightenment for 60 gold pieces
 26299 | Orc:2    | Bought a scroll of poison for 48 gold pieces
 26299 | Orc:2    | Bought a wand of digging (5) for 252 gold pieces
 26425 | D:8      | Bought 3 scrolls of acquirement for 2184 gold pieces
 26425 | D:8      | Acquired 857 gold pieces
 26426 | D:8      | Acquired a manual of Long Blades
 26427 | D:8      | Acquired the ring "Yfioss" {Drain rN+ Will+ MP+9 Dex+3}
 26429 | D:8      | Bought a scroll of immolation for 56 gold pieces
 26429 | D:8      | Bought a scroll of blinking for 105 gold pieces
 26429 | D:8      | Bought a scroll of revelation for 105 gold pieces
 27452 | D:13     | Noticed Snorg
 27459 | D:13     | Killed Snorg
 27487 | D:13     | Reached skill level 1 in Invocations
 28144 | D:14     | Reached XP level 16. HP: 133/133 MP: 17/19
 28149 | D:14     | Received a gift from Okawaru
 28164 | D:14     | Reached skill level 5 in Invocations
 28178 | D:14     | Found a gate to the Vaults.
 28237 | D:14     | Found a runed translucent gate.
 28237 | D:14     | Found a runed translucent gate.
 28237 | D:14     | Found a runed translucent gate.
 28242 | D:14     | Noticed Agruq Axkidd's ghost (journeyman GrEE)
 28242 | D:14     | Noticed Xuruvid's ghost (journeyman GnWn)
 28508 | D:14     | Found a bloodstained altar of Trog.
 28882 | D:14     | Killed Agruq Axkidd's ghost
 28890 | D:14     | Killed Xuruvid's ghost
 29084 | Swamp:1  | Entered Level 1 of the Swamp
 29355 | Swamp:1  | Received a gift from Okawaru
 29680 | Swamp:1  | Reached skill level 10 in Invocations
 30194 | Swamp:2  | Received a gift from Okawaru
 30201 | Swamp:2  | Noticed Nikola
 30387 | Swamp:2  | Killed Nikola
 30652 | Swamp:2  | Noticed Kirke
 30701 | Swamp:2  | Killed Kirke
 31102 | Swamp:2  | Received a gift from Okawaru
 31265 | Snake:1  | Entered Level 1 of the Snake Pit
 31809 | Snake:1  | Reached XP level 17. HP: 144/144 MP: 24/24
 32454 | Snake:1  | Found Ocweblev's Jewellery Shop.
 32509 | Snake:1  | Found Megeq's Antique Armour Boutique.
 32525 | Snake:1  | Bought a distressingly furry helmet for 199 gold pieces
 32525 | Snake:1  | Identified the +0 helmet of Classification {rC+} (You
                  | bought it in a shop on level 1 of the Snake Pit)
 32672 | Snake:1  | Received a gift from Okawaru
 32757 | Snake:1  | Reached skill level 1 in Evocations
 33041 | Snake:1  | Noticed Aizul
 33056 | Snake:1  | Killed Aizul
 33654 | Snake:2  | Reached skill level 10 in Armour
 33654 | Snake:2  | Reached skill level 10 in Dodging
 34218 | Snake:2  | Received a gift from Okawaru
 34332 | Snake:3  | Found Urilo's Antique Armour Shop.
 34344 | Snake:3  | Bought a runed helmet for 180 gold pieces
 34344 | Snake:3  | Bought a pair of glowing gloves for 180 gold pieces
 35227 | Snake:4  | Entered Level 4 of the Snake Pit
 35467 | Snake:4  | Received a gift from Okawaru
 35781 | Snake:4  | Reached skill level 1 in Shields
 36128 | Snake:4  | Received a gift from Okawaru
 36299 | Snake:4  | Reached XP level 18. HP: 158/158 MP: 25/25
 36597 | Snake:4  | Noticed a quicksilver dragon
 36605 | Snake:4  | Killed a quicksilver dragon
 36606 | Snake:4  | Reached skill level 5 in Evocations
 36656 | Snake:4  | Got a serpentine rune of Zot
 37520 | Swamp:3  | Received a gift from Okawaru
 37529 | Swamp:3  | Reached skill level 5 in Shields
 37904 | Swamp:4  | Entered Level 4 of the Swamp
 38247 | Swamp:4  | Noticed a tentacled monstrosity
 38255 | Swamp:4  | Killed a tentacled monstrosity
 38364 | Swamp:4  | Noticed a tentacled monstrosity
 38369 | Swamp:4  | Killed a tentacled monstrosity
 38370 | Swamp:4  | Reached skill level 10 in Fighting
 38601 | Swamp:4  | Identified the +0 chain mail "Evailliu" {+Inv Will- Dex+2}
 38665 | Swamp:4  | Reached skill level 21 in Ranged Weapons
 38671 | Swamp:4  | Identified the +5 mace of Tedwaulu {heavy, Fragile Fly
                  | rPois rN+}
 38805 | Swamp:4  | Received a gift from Okawaru
 39071 | Swamp:4  | Got a decaying rune of Zot
 39465 | Vaults:1 | Entered Level 1 of the Vaults
 39915 | Vaults:1 | Received a gift from Okawaru
 40055 | Vaults:1 | Acquired 600 gold pieces
 40142 | Vaults:1 | Reached XP level 19. HP: 170/170 MP: 26/26
 40504 | Vaults:1 | Found Riatwe's Book Boutique.
 40599 | Vaults:1 | Received a gift from Okawaru
 40961 | Vaults:2 | Identified the amulet of Saosal {Faith Contam Harm Will++
                  | rCorr}
 41869 | Vaults:2 | Identified the +2 pair of gloves of the Wereyak {Will+}
 41967 | Vaults:2 | Received a gift from Okawaru
 42744 | Vaults:2 | Identified the +7 mace "Qopsib" {flame, rPois rCorr Int-2
                  | Dex+8}
 42762 | Vaults:2 | Received a gift from Okawaru
 42824 | Vaults:2 | Identified the +6 leather armour of the Poles {Will++
                  | Str+2}
 42826 | Vaults:2 | Identified the amulet of Pihah {Reflect Will+ SH+5}
 43037 | Vaults:2 | Reached skill level 10 in Shields
 43242 | Vaults:3 | Received a gift from Okawaru
 43537 | Vaults:3 | Found a staircase to the Crypt.
 43753 | Vaults:2 | Reached XP level 20. HP: 87/182 MP: 27/27
 43988 | Vaults:3 | Found a runed translucent gate.
 43988 | Vaults:3 | Found a runed translucent gate.
 43989 | Vaults:3 | Found a runed translucent gate.
 43989 | Vaults:3 | Noticed Inony's ghost (master FoHu)
 44361 | Vaults:3 | Identified the +6 scale mail "Akoxaq" {rF+ SInv}
 44381 | Vaults:3 | Received a gift from Okawaru
 44837 | Vaults:3 | Found Esmudiypn's Armour Emporium.
 45004 | Vaults:3 | Found Giorips's Magic Scroll Boutique.
 45012 | Vaults:3 | Bought a scroll of identify for 24 gold pieces
 45012 | Vaults:3 | Bought a scroll of teleportation for 36 gold pieces
 45012 | Vaults:3 | Bought a scroll of immolation for 48 gold pieces
 45012 | Vaults:3 | Bought a scroll of teleportation for 36 gold pieces
 45887 | Vaults:4 | Reached skill level 10 in Evocations
 45892 | Vaults:4 | Received a gift from Okawaru
 46416 | Vaults:4 | Found Nutyjacass's Book Shop.
 46469 | Vaults:4 | Reached skill level 22 in Ranged Weapons
 47010 | Vaults:4 | Received a gift from Okawaru
 47337 | Elf:1    | Entered Level 1 of the Elven Halls
 48379 | Elf:1    | Paralysed by an air elemental for 1 turns
 48435 | Elf:1    | Reached XP level 21. HP: 194/194 MP: 28/28
 48973 | Elf:1    | Received a gift from Okawaru
 49042 | Elf:1    | Paralysed by an air elemental for 1 turns
 50164 | Elf:2    | Received a gift from Okawaru
 50225 | Elf:2    | Found Ecaitoga's Armour Shoppe.
 50261 | Elf:2    | Found a runed translucent gate.
 50261 | Elf:2    | Found a runed translucent gate.
 50261 | Elf:2    | Found a runed translucent gate.
 50714 | Elf:3    | Entered Level 3 of the Elven Halls
 50794 | Elf:3    | Paralysed by an air elemental for 1 turns
 51154 | Elf:3    | Received a gift from Okawaru
 51222 | Arena    | Entered the Arena
 51252 | Elf:3    | Reached skill level 15 in Shields
 52032 | Elf:3    | Identified the +9 flail of the Clean God {heavy, Dex+4}
 52037 | Elf:3    | Identified the +6 battleaxe "Imp's Foe" {flame, rPois
                  | Str+10 Dex-5 Stlth+}
 52037 | Elf:3    | Identified the amulet "Cetwieg" {Faith rPois rN+++ Int-3
                  | Stlth+}
 52119 | Elf:3    | Reached XP level 22. HP: 162/208 MP: 29/29
 52306 | Elf:3    | Reached skill level 15 in Fighting
 52316 | Elf:3    | Received a gift from Okawaru
 52354 | Elf:3    | Got a fusty book
 52365 | Elf:3    | Identified the ring of Nobility {Fire Str+5 Dex+8 Stlth-}
 52375 | Elf:3    | Identified the staff of Grace {*Corrode Str+4 Dex+6 Earth}
 52379 | Elf:3    | Identified the ring "Zulumab" {rPois Int+3}
 52449 | Elf:3    | Identified the +3 orcbow "Koekhob" {antimagic, rC+ rCorr}
 53590 | D:15     | Entered Level 15 of the Dungeon
 53998 | D:15     | Identified the +0 chain mail of the Depths {Str+3}
 54203 | D:15     | Found a staircase to the Depths.
 54283 | Depths:1 | Entered Level 1 of the Depths
 54412 | Depths:1 | Noticed Sojobo
 54436 | Depths:1 | Paralysed by an air elemental for 1 turns
 54456 | Depths:1 | Killed Sojobo
 54908 | Depths:1 | Found a one-way gate leading to the halls of Pandemonium.
 54987 | Depths:1 | Received a gift from Okawaru
 55246 | Depths:1 | Got a decrepit book
 55249 | Depths:1 | Identified the +2 falchion of Vuickuf {freeze, +Blink rPois
                  | Int+3 Stlth+}
 55324 | Depths:1 | Got a droning book
 55552 | Depths:1 | Found a gateway to Hell.
 56150 | Depths:2 | Found a white marble altar of Elyvilon.
 56232 | Depths:2 | Received a gift from Okawaru
 57489 | Depths:2 | Got a foxed book
 57529 | Depths:2 | Noticed a golden dragon
 57537 | Depths:2 | Killed a golden dragon
 57548 | Depths:2 | Reached XP level 23. HP: 189/222 MP: 30/30
 57959 | Depths:2 | Received a gift from Okawaru
 58348 | Depths:2 | Identified the +3 leather armour of Ischutonk {rElec rF-
                  | MP+9}
 58481 | Depths:2 | Received a gift from Okawaru
 58488 | Depths:2 | Reached skill level 5 in Throwing
 58853 | Depths:3 | Noticed a caustic shrike
 58860 | Depths:3 | Killed a caustic shrike
 59556 | Depths:3 | Found Arual's Distillery.
 59562 | Depths:3 | Bought 2 potions of heal wounds for 100 gold pieces
 59562 | Depths:3 | Bought a potion of heal wounds for 50 gold pieces
 59562 | Depths:3 | Bought a potion of invisibility for 80 gold pieces
 59562 | Depths:3 | Bought a potion of cancellation for 80 gold pieces
 59607 | Depths:3 | Found Itot's Magic Scroll Boutique.
 59617 | Depths:3 | Bought a scroll of enchant weapon for 180 gold pieces
 59617 | Depths:3 | Bought a scroll of blinking for 180 gold pieces
 59617 | Depths:3 | Bought a scroll of teleportation for 72 gold pieces
 59617 | Depths:3 | Bought a scroll of fog for 96 gold pieces
 59617 | Depths:3 | Bought a scroll of fog for 96 gold pieces
 59617 | Depths:3 | Bought a scroll of teleportation for 72 gold pieces
 59617 | Depths:3 | Bought a scroll of revelation for 180 gold pieces
 59639 | Depths:3 | Received a gift from Okawaru
 59940 | Depths:4 | Entered Level 4 of the Depths
 60791 | Depths:4 | Found a one-way gateway to a ziggurat.
 60828 | Depths:4 | Received a gift from Okawaru
 60854 | Depths:4 | Reached XP level 24. HP: 123/236 MP: 30/30
 61195 | Depths:4 | Reached skill level 23 in Ranged Weapons
 61249 | Depths:4 | Found a gate to the Realm of Zot.
 61549 | Depths:4 | Found a runed translucent gate.
 61549 | Depths:4 | Found a runed translucent gate.
 61549 | Depths:4 | Found a runed translucent gate.
 61551 | Depths:4 | Noticed Vyrynni Mabi's ghost (veteran DrSh)
 61555 | Depths:4 | Found a viscous altar of Jiyva.
 62121 | Orc:2    | Killed WhatIsLove's ghost
 62127 | Orc:2    | Identified the scarf of Skepticism {+Inv, Int-4 Dex+6}
 62912 | Vaults:5 | Entered Level 5 of the Vaults
 63070 | Vaults:5 | Noticed a dread lich
 63079 | Vaults:5 | Killed a dread lich
 63079 | Vaults:5 | Received a gift from Okawaru
 63921 | Vaults:5 | Found Zuroha Titic's Armour Shoppe.
 63932 | Vaults:5 | Got a silver rune of Zot
 63964 | Vaults:5 | Identified the +4 glaive of Mutheurch {heavy, rCorr Str+2
                  | Dex-4}
 63966 | Vaults:5 | Identified the +9 morningstar of Callousness {heavy, rElec
                  | rPois Dex+3}
 63966 | Vaults:5 | Identified the +0 plate armour of Gapsiva {Regen+ Str+6}
 64015 | Vaults:5 | Noticed a dread lich
 64024 | Vaults:5 | Killed a dread lich
 64027 | Vaults:5 | Received a gift from Okawaru
 64109 | Vaults:5 | Got an uncut book
 64236 | Vaults:5 | Noticed Mara
 64240 | Vaults:5 | Noticed KimchiStew's illusion
 64253 | Arena    | Entered the Arena
 64262 | Arena    | Killed Mara
 64360 | Vaults:5 | Identified the +9 arbalest of the Heart {freeze, Will++
                  | rCorr Str-4 Dex-4}
 64360 | Vaults:5 | Identified the +11 morningstar "Transmigrator" {freeze,
                  | Str+3 Int+3}
 64530 | Vaults:5 | Noticed a dread lich
 64538 | Vaults:5 | Killed a dread lich
 64539 | Vaults:5 | Reached skill level 10 in Throwing
 64555 | Vaults:5 | Identified the -1 helmet of the Sneaky Nightcaps {rF+
                  | Will++ rCorr Str-2}
 64748 | Vaults:5 | Identified the +2 scimitar of Bodily Harmony {venom, SInv}
 64929 | Vaults:5 | Noticed a caustic shrike
 64931 | Vaults:5 | Killed a caustic shrike
 65089 | Vaults:5 | Identified the staff "Idong" {rElec rN+ rCorr Str-5 Necro}
 65132 | Vaults:5 | Received a gift from Okawaru
 65138 | Vaults:5 | Identified the +9 hand axe "Rueqauc" {drain, rF+ rN+ Str+3
                  | Int+2}
 65182 | Vaults:5 | Reached XP level 25. HP: 243/245 MP: 30/30
 65776 | Vaults:5 | Got a glistering book
 66452 | Zot:1    | Entered Level 1 of the Realm of Zot
 66452 | Zot:1    | Noticed an orb of fire
 66889 | Snake:1  | Bought heavily runed quicksilver dragon scales for 1365
                  | gold pieces
 66889 | Snake:1  | Identified the quicksilver dragon scales of Twilight {rF+
                  | Will+} (You bought it in a shop on level 1 of the Snake
                  | Pit)
 67340 | Zot:1    | Killed an orb of fire
 67535 | Zot:1    | Reached skill level 24 in Ranged Weapons
 67858 | Depths:4 | Received a gift from Okawaru
 68107 | Zot:3    | Noticed a Killer Klown
 68402 | Zot:4    | Killed a Killer Klown
 68418 | Arena    | Entered the Arena
 68443 | Zot:4    | Noticed an orb of fire
 68445 | Arena    | Entered the Arena
 68484 | Zot:4    | Gained mutation: You expend magic power (3 MP) to
                  | strengthen your wands. [an orb of fire]
 68485 | Zot:4    | Killed an orb of fire
 68708 | Zot:5    | Entered Level 5 of the Realm of Zot
 69157 | Zot:5    | Noticed a Killer Klown
 69177 | Zot:5    | Killed a Killer Klown
 69299 | Zot:5    | Noticed an orb of fire
 69308 | Zot:5    | Gained mutation: Your muscles are strong. (Str +4, Int/Dex
                  | -1) [an orb of fire]
 69323 | Zot:5    | Killed an orb of fire
 69361 | Zot:5    | Noticed an ancient lich
 69377 | Zot:5    | Killed an ancient lich
 69379 | Zot:5    | Noticed an orb of fire
 69400 | Zot:5    | Noticed a Killer Klown
 69403 | Zot:5    | Killed an orb of fire
 69419 | Zot:5    | Killed a Killer Klown
 69443 | Zot:5    | Reached XP level 26. HP: 128/261 MP: 30/30
 69670 | Zot:5    | Noticed a Killer Klown
 69670 | Zot:5    | Noticed a Killer Klown
 69678 | Zot:5    | Killed a Killer Klown
 69678 | Zot:5    | Received a gift from Okawaru
 69681 | Zot:5    | Killed a Killer Klown
 69725 | Zot:5    | Noticed an orb of fire
 69728 | Zot:5    | Gained mutation: You occasionally lose the ability to drink
                  | potions when taking damage. [an orb of fire]
 69737 | Zot:5    | Gained mutation: Your body sometimes deteriorates upon
                  | taking damage. [an orb of fire]
 69743 | Zot:5    | Killed an orb of fire
 69776 | Zot:5    | Noticed an orb of fire
 69790 | Zot:5    | Killed an orb of fire
 69822 | Zot:5    | Lost mutation: Your body sometimes deteriorates upon taking
                  | damage. [potion of mutation]
 69822 | Zot:5    | Lost mutation: You expend magic power (3 MP) to strengthen
                  | your wands. [potion of mutation]
 69822 | Zot:5    | Lost mutation: Your muscles are strong. (Str +4, Int/Dex
                  | -1) [potion of mutation]
 69822 | Zot:5    | Gained mutation: Your muscles are strong. (Str +4, Int/Dex
                  | -1) [potion of mutation]
 69822 | Zot:5    | Gained mutation: You are frail. (-10% HP) [potion of
                  | mutation]
 69823 | Zot:5    | Lost mutation: Your muscles are strong. (Str +4, Int/Dex
                  | -1) [potion of mutation]
 69823 | Zot:5    | Lost mutation: You occasionally lose the ability to drink
                  | potions when taking damage. [potion of mutation]
 69823 | Zot:5    | Lost mutation: You are frail. (-10% HP) [potion of
                  | mutation]
 69823 | Zot:5    | Gained mutation: You sometimes lose your temper in combat.
                  | [potion of mutation]
 69823 | Zot:5    | Gained mutation: Your tail ends in a venomous barb. [potion
                  | of mutation]
 69823 | Zot:5    | Lost mutation: You sometimes lose your temper in combat.
                  | [potion of mutation]
 69823 | Zot:5    | Gained mutation: Your tail ends in a sharp venomous barb.
                  | [potion of mutation]
 69825 | Zot:5    | Noticed an orb of fire
 69840 | Zot:5    | Killed an orb of fire
 70471 | Zot:5    | Got the Orb of Zot
 70474 | Zot:5    | Noticed an orb of fire
 70485 | Zot:5    | Killed an orb of fire
 70506 | Zot:5    | Noticed a Killer Klown
 70514 | Zot:5    | Killed a Killer Klown
 71189 | D:$      | Escaped with the Orb!

Illustrated notes

Levels and vault maps discovered:
D:1:      lemuel_arrival_river_ford, layout_rooms
D:2:      layout_rooms, basic_ecumenical_altar
D:3:      lemuel_castle_with_subvaults [lemuel_castle_interior_carwin_3],
          layout_loops_ring, mainiacjoe_overflow_small_starburst,
          minmay_misc_feat_enclosed, uniq_ijyb
D:4:      layout_basic, lemuel_round_altar, okawaru_metal_pillars_1_2,
          tso_oasis_becter, uniq_edmund
D:5:      layout_basic, pdpol_wu_jian_five_deadly_venoms, gammafunk_ghost_smash,
          serial_co_window_serial, co_window_paths_a,
          co_window_of_opportunity_a, co_window_paths_a,
          co_window_of_opportunity_a, co_window_corner_a,
          co_window_of_opportunity_a, co_window_paths_b, co_window_paths_c,
          co_window_corner_b, co_window_broadway_a, co_window_paths_c,
          co_window_4corner_a, glass_columns_a, glass_columns_b
D:6:      layout_gridville, kennysheep_mini_moat
D:7:      kennysheep_housing_project, layout_loops_ring, trog_wizard,
          nicolae_vehumet_altar_sigil, minmay_temple_entry_hall, enter_bailey_2,
          hangedman_abyss_or_decor_lesser_grid, dk_noncrumbling_4
D:8:      layout_rooms, mainiacjoe_overflow_boulevard,
          ashenzari_conservatory_becter, nicolae_overflow_crystal_walls,
          serial_rivers, chequers_serial_rivers_micro_d,
          chequers_serial_rivers_small_b, chequers_serial_rivers_room_a,
          chequers_serial_rivers_micro_a, amcnicky_mini_pool_small,
          nicolae_stop_n_shop_1, uniq_amaemon
D:9:      layout_long_grid, nicolae_gozag_seed_capital, elyvilon_altar_5,
          nzn_hepliaklqana_mist_gate, minmay_lair_entry_grove,
          ploomutoo_gammafunk_ghost_potion_laboratory,
          nicolae_shop_sticking_my_neck_out
D:10:     minmay_opposing_rooms, layout_loops_corners, cheibriados_altar_1,
          grunt_ministairs_14, kennysheep_dice, uniq_nergalle, uniq_lodul,
          uniq_grum
D:11:     layout_roguey, zombieorc2_lemuel
D:12:     layout_roguey
D:13:     layout_irregular_city, uniq_snorg
D:14:     layout_irregular_city, david_vaults_2, minmay_misc_feat_tiny,
          gammafunk_ghost_cemetery, kennysheep_diamond,
          minmay_misc_feat_ornament, nicolae_the_louvre
D:15:     hangedman_depths_entry_try_elsewhere_first, layout_long_grid
Lair:1:   layout_small_grid, cheibrodos_lair_caveside_slide,
          nicolae_lair_grazing_beasts [nicolae_sub_lair_graze_edge,
          nicolae_sub_lair_graze_edge, nicolae_sub_lair_graze_edge,
          nicolae_sub_lair_graze_edge], grunt_megastairs_1,
          serial_bayou_shore_b, lemuel_fruit_tree
Lair:2:   nzn_winding_woodlands_stair_cross
          [nzn_winding_woodlands_5x15_sawtooth,
          nzn_winding_woodlands_center_garden,
          nzn_winding_woodlands_5x15_river_crossing,
          nzn_winding_woodlands_5x5_open_star,
          nzn_winding_woodlands_5x5_perimeter,
          nzn_winding_woodlands_5x15_sidewinder,
          nzn_winding_woodlands_center_pierced_h,
          nzn_winding_woodlands_5x15_crooked], layout_gridlike, swamp_mist,
          nicolae_lair_lil_pond, uniq_erica
Lair:3:   layout_cave_pods, nicolae_snake_entry_warm_welcome,
          infiniplex_staircase_pool, uniq_gastronok
Lair:4:   layout_regular_city, slime_entry_1, minmay_lair_oklob_bushes,
          minmay_shattered_shrine
Lair:5:   hellmonk_lair_end_abyssal_woods, layout_cave_pods,
          grunt_forest_small_clearings, nzn_sisyphean_effort, grunt_megastairs_4
Swamp:1:  layout_basic_swamp, evilmike_swamp_ruin_house_4, swamp_pool4,
          nicolae_swamp_frolicking_bunyips
Swamp:2:  layout_basic_swamp, evilmike_swamp_ruin_house_2,
          nicolae_swamp_bean_lake, uniq_kirke, uniq_nikola
Swamp:3:  layout_basic_swamp, evilmike_swamp_ruin_rubble_1
Swamp:4:  swamp_icy, layout_basic_swamp
Snake:1:  layout_grid_maze, minmay_shoptagon, uniq_aizul
Snake:2:  layout_grid_shapes, drop_trap, st_stairs_7
Snake:3:  nicolae_snake_unarmed_stairs_patrol, layout_basic,
          nicolae_stop_n_shop_1, st_stairs_4
Snake:4:  hellmonk_snake_rune_quicksilver_temple, layout_basic,
          nicolae_snake_snakewalk
Orc:1:    layout_caves, minmay_orc_temple_c
Orc:2:    st_orc_town, layout_caves, serial_shops, nicolae_book_shop_shelving,
          gammafunk_ghost_grave, uniq_nessos
Elf:1:    elf_arrival_001, layout_loops_corners, minivault_28
Elf:2:    elven_hall_of_blades_hangedman_original
          [nicolae_blade_entry_sentries_behind_glass], layout_geoelf_octagon,
          serial_shops, nicolae_shop_crystal, uniq_agnes
Elf:3:    minmay_elf_hall_hex, layout_geoelf_diagonals
Vaults:1: v_misc_18, hangedman_vaults_locks, nicolae_vaults_storage_closets_2,
          nicolae_vaults_house_2, nicolae_vaults_network_quinsquares
          [nicolae_vaults_network_quincunx_subvault,
          nicolae_vaults_network_quincunx_subvault,
          nicolae_vaults_network_quincunx_subvault,
          nicolae_vaults_network_quincunx_subvault], vaults_dpeg_ring,
          nicolae_vaults_diagonal_hallway_7, nicolae_vaults_storage_room_doors,
          nicolae_vaults_little_squares_3, nicolae_vaults_tangram_2,
          nicolae_vaults_octagons, grunt_vaults_hallway_long,
          vaults_mumra_hexcomb, nicolae_vaults_sealed_display,
          vaults_dpeg_hooks, layout_vaults_omnibox, serial_shops,
          nicolae_square_shop
Vaults:2: v_misc_28, nicolae_vaults_ninety_degrees,
          nicolae_vaults_lightning_bolt, nicolae_vaults_storing_the_good_stuff,
          vaults_room_door_hall, nicolae_vaults_shrinking_rooms_2,
          ontoclasm_vaults_fault, nicolae_vaults_weapon_check,
          nicolae_vaults_offset_grid_hallway_2,
          nicolae_vaults_trapezoid_layered, dpeg_vaults_monster_row,
          ontoclasm_vaults_tryst, nicolae_vaults_tetromino_Z_2,
          layout_vaults_omnicross
Vaults:3: ebering_ghost_rock_garden, minmay_crypt_entry_simple_sparse,
          nicolae_vaults_disjoint_gnomons, ontoclasm_vaults_bender,
          vaults_dpeg_emergency_exit, grunt_vaults_funnel,
          nicolae_vaults_apartment_1, nicolae_vaults_stepped_doors,
          vaults_room_fours, v_misc_24, vaults_room_corners,
          nicolae_vaults_taking_the_gang_shopping, nicolae_vaults_apartment_1,
          ontoclasm_vaults_shuriken, nicolae_vaults_octothorpe,
          layout_vaults_maze_snakey, serial_shops, shop
Vaults:4: nicolae_vaults_stairing_the_circle,
          vaults_standard_mumra_enter_the_diamond, v_misc_9,
          nicolae_vaults_wrenched, nicolae_vaults_diamond_2,
          layout_vaults_chaotic_city, serial_shops, shop_statue
Vaults:5: serial_shops, uniq_mara
Depths:1: layout_honeycomb, rand_demon_pan_entry_5, nicolae_titane, hell_entry,
          minmay_multi_spiral, uniq_sojobo
Depths:2: minmay_the_grid_square_5x5_5x5 [minmay_the_grid_square_5x5_longway,
          minmay_the_grid_square_5x5_shrine1,
          minmay_the_grid_square_5x5_inner_v,
          minmay_the_grid_square_5x5_detours,
          minmay_the_grid_square_5x5_two_walls_a,
          minmay_the_grid_square_5x5_checkered_sparse,
          minmay_the_grid_square_5x5_prize_monsterx,
          minmay_the_grid_square_5x5_dogpile,
          minmay_the_grid_square_5x5_prize_pseudospiral,
          minmay_the_grid_square_5x5_broken_cross,
          minmay_the_grid_square_5x5_spiral_small,
          minmay_the_grid_square_5x5_three_small,
          minmay_the_grid_square_5x5_prize_rear_guard,
          minmay_the_grid_square_5x5_beaten_path,
          minmay_the_grid_square_5x5_misaligned,
          minmay_the_grid_square_5x5_eight,
          minmay_the_grid_square_5x5_prize_open,
          minmay_the_grid_square_5x5_empty,
          minmay_the_grid_square_5x5_prize_deathbox,
          minmay_the_grid_square_5x5_checkered,
          minmay_the_grid_square_5x5_doubleslash,
          minmay_the_grid_square_5x5_mess, minmay_the_grid_square_5x5_three,
          minmay_the_grid_square_5x5_three_walls,
          minmay_the_grid_square_5x5_sharp_hourglass], layout_basic,
          rand_demon_pan_entry_7, lemuel_coloured_pillars_altar, hell_entry,
          minmay_staircase_bubble
Depths:3: minmay_bad_star, layout_gridlike, abyss_entry_small_statue_room,
          hell_entry, nicolae_elevator_lobby_asterisk, serial_shops, shop, shop,
          lemuel_flamethrower_1
Depths:4: evilmike_zot_entry_round, layout_basic, enter_ziggurat_d,
          minmay_room_of_horrors, pf_hell_entry_tar_spiral,
          gammafunk_ghost_ooze, chequers_serial_rivers_micro_e,
          serial_bayou_shore_a
Zot:1:    layout_misc_corridors, grunt_megastairs_3
Zot:2:    layout_misc_corridors
Zot:3:    layout_cathedral_of_symmetry, hangedman_zot_wheel_spokes, st_stairs_2,
          grunt_megastairs_5
Zot:4:    layout_onion_interference, grunt_ministairs_5, lemuel_baited_zot_trap
Zot:5:    layout_misc_corridors

Skill      XL: |  1  2  3  4  5  6  7  8  9 10 11 12 13 14 15 16 17 18 19 20 21 22 23 24 25 26 |
---------------+-------------------------------------------------------------------------------+-----
Stealth        | 2 3 4 5 7 9 10 12 14 | 14.0
Ranged Weapons | 4 5 6 8 9 12 15 17 19 20 21 22 23 24 | 24.6
Fighting       | 3 4 6 7 9 10 11 13 14 16 17 19 20 | 20.6
Throwing       | 4 7 10 11 | 11.2
Dodging        | 3 5 9 10 11 | 11.8
Armour         | 6 9 10 11 | 11.8
Invocations    | 4 10 | 10.0
Evocations     | 4 7 9 10 | 10.0
Shields        | 3 7 10 12 15 17 18 | 18.0

Action                     |  1- 3 |  4- 6 |  7- 9 | 10-12 | 13-15 | 16-18 | 19-21 | 22-24 | 25-27 || total
---------------------------+-------+-------+-------+-------+-------+-------+-------+-------+-------++-------
  Melee: Dagger            |       |    56 |    10 |       |       |       |       |       |       ||    66
         Punch             |       |     3 |     1 |       |       |       |       |       |       ||     4
         Arbalest          |       |       |       |     1 |       |       |       |       |       ||     1
   Fire: Shortbow          |   116 |   217 |   340 |   550 |    62 |       |       |       |       ||  1285
         Arbalest          |       |       |     6 |   310 |    52 |       |       |       |       ||   368
         Longbow           |       |       |       |       |  1380 |  1515 |  1463 |    28 |       ||  4386
         Hand cannon       |       |       |       |       |       |       |       |  1508 |   714 ||  2222
  Throw: Dart              |       |       |     4 |     4 |     4 |     1 |     3 |     2 |     1 ||    19
         Throwing net      |       |       |     1 |       |       |       |       |       |       ||     1
 Invoke: Heroism           |       |       |     1 |     4 |     1 |     5 |     6 |     3 |     6 ||    26
         Finesse           |       |       |       |     1 |       |     5 |     6 |     3 |     6 ||    21
         Receive Weapon    |       |       |       |       |     1 |       |       |       |       ||     1
         Receive Armour    |       |       |       |       |     1 |       |       |       |       ||     1
         Duel              |       |       |       |       |       |       |     1 |     3 |     2 ||     6
Ability: Spit Poison       |     1 |     8 |     7 |     2 |       |       |       |       |       ||    18
  Evoke: Wand              |       |     1 |     1 |    13 |     3 |     1 |     1 |       |     4 ||    24
         Lightning rod     |       |       |       |       |       |       |     4 |     7 |       ||    11
         Phial of floods   |       |       |       |       |       |       |       |     2 |       ||     2
    Use: Scroll            |       |       |    11 |    16 |    13 |    14 |    14 |    11 |    15 ||    94
         Potion            |       |       |     2 |     4 |       |     3 |     4 |     1 |    17 ||    31
 Armour: Leather armour    |    40 |    86 |   155 |     1 |       |       |       |   347 |   284 ||   913
         Skin              |       |    10 |       |       |       |       |       |       |       ||    10
         Steam dragon scal |       |       |       |   358 |   399 |       |       |       |       ||   757
         Troll leather arm |       |       |       |       |    20 |   658 |  1048 |   192 |       ||  1918
  Dodge: Dodged            |    37 |    64 |   116 |   295 |   264 |   476 |   664 |   454 |   234 ||  2604
  Block: Other             |       |       |       |       |       |   127 |   228 |       |       ||   355
         Reflection        |       |       |       |       |       |    18 |    35 |    67 |    12 ||   132
         Kite shield       |       |       |       |       |       |       |       |  1125 |   469 ||  1594

Table legend: (Time is in decaauts)
 A = Elapsed time spent in this place.
 B = Non-inter-level travel time spent in this place.
 C = Inter-level travel time spent in this place.
 D = Time resting spent in this place.
 E = Time spent auto-exploring this place.
 F = Levels seen in this place.
 G = Mean time per level.
                   A        B        C        D        E       F      G
               +--------+--------+--------+--------+--------+-----+--------+
         Total |  84856 |  75078 |   9778 |  22389 |  36693 |  52 | 1631.8 |
       Dungeon |  25603 |  22161 |   3442 |   5735 |  12076 |  15 | 1706.9 |
          Lair |  10825 |   9470 |   1355 |   2464 |   5146 |   5 | 2165.0 |
         Swamp |   4817 |   4660 |    157 |   1681 |   2050 |   4 | 1204.2 |
     Snake Pit |   6528 |   6231 |    297 |   1919 |   3055 |   4 | 1632.0 |
  Orcish Mines |   2825 |   2267 |    558 |    563 |   1338 |   2 | 1412.5 |
   Elven Halls |   5345 |   5075 |    270 |   1543 |   2541 |   3 | 1781.7 |
        Vaults |  14453 |  12429 |   2024 |   3476 |   6166 |   5 | 2890.6 |
        Depths |  10206 |   8535 |   1671 |   2505 |   4041 |   4 | 2551.5 |
           Zot |   3092 |   3090 |      2 |   1727 |    240 |   5 |  618.4 |
        Bailey |   1046 |   1046 |      0 |    754 |     37 |   1 | 1046.0 |
         Arena |    111 |    111 |      0 |     18 |      0 |   4 |   27.8 |
               +--------+--------+--------+--------+--------+-----+--------+

Top non-repeatable levels by time:
Vaults:5: 3628 daAuts
Vaults:1: 3383 daAuts
Vaults:2: 3030 daAuts
     D:3: 3026 daAuts
Depths:2: 2945 daAuts
     D:9: 2943 daAuts
Depths:1: 2799 daAuts
     D:5: 2630 daAuts
Vaults:4: 2498 daAuts
  Lair:2: 2480 daAuts
  Lair:5: 2403 daAuts
Depths:4: 2327 daAuts
  Lair:1: 2298 daAuts
   Elf:3: 2202 daAuts
    D:10: 2194 daAuts
